 Dungeon Crawl Stone Soup version 0.31.0-11-ge490571c62 (webtiles) character file.

Game seed: 5302269390083636191

79 qw the Shooter (level 4, -1/25 HPs)
             Began as a Deep Elf Hunter on Feb 4, 2024.
             Killed from afar by Ijyb (7 damage)
             ... with a puff of flame
             ... on level 3 of the Dungeon.
             The game lasted 00:00:06 (1520 turns).

qw the Shooter (Deep Elf Hunter)                    Turns: 1520, Time: 00:00:06

Health: -1/25      AC:  4    Str:  8 (10) XL:     4   Next: 16%
Magic:  6/6        EV: 12    Int: 12 (14) God:
Gold:   161        SH:  0    Dex: 15 (18) Spells: 3/3 levels left

rFire   . . .        a - +0 shortbow (elec)
rCold   . . .        (shield currently unavailable)
rNeg    . . .        c - +0 leather armour
rPois   .            (no helmet)
rElec   .            (no cloak)
rCorr   +            (no gloves)
SInv    .            e - +0 pair of boots of the Thistle {rCorr}
Will    .....        (no amulet)
Stlth   ++           (no ring)
HPRegen 0.24/turn    (no ring)
MPRegen 0.10/turn

%: no passive effects
@: no status effects
A: no striking features
a: no special abilities


You were on level 3 of the Dungeon.
You visited 1 branch of the dungeon, and saw 3 of its levels.

You collected 161 gold pieces.


   Skills:
 - Level 1.5 Fighting
 + Level 7.6 Ranged Weapons
 - Level 2.4 Dodging
 - Level 1.2 Stealth


You had 3 spell levels left.
You didn't know any spells.
Your spell library was empty.

Inventory:

Hand Weapons
 a - a +0 shortbow of electrocution (weapon)
Armour
 c - a +0 leather armour (worn)
 e - the +0 pair of boots of the Thistle (worn) {rCorr}
   (You found it on level 3 of the Dungeon)

   rCorr:     It protects you from acid and corrosion.
Potions
 d - a potion of resistance
 f - a potion of might
 g - a potion of curing
 h - a potion of enlightenment {unknown}
 i - a potion of ambrosia {unknown}

Dungeon Overview and Level Annotations

Branches:
Dungeon (3/15)

Altars:

Annotations:
D:3 Ijyb


Message History

A bat and a rat come into view.
There are monsters nearby!
1499 ||| UPGRADING to +0 pair of boots of the Thistle {rCorr}.
You start putting on your armour.
You continue putting on the +0 pair of boots of the Thistle {rCorr}. x4
You finish putting on the +0 pair of boots of the Thistle {rCorr}.
A rat is nearby!
1504 ||| READING scroll labelled MOOFANN FILA.
As you read the scroll labelled MOOFANN FILA, it crumbles to dust.
It is a scroll of brand weapon.
1504 ||| BRANDING +0 shortbow.
Your +0 shortbow crackles with electricity.
a - a +0 shortbow of electrocution (weapon)
You shoot an arrow. The arrow hits the bat.
Lightning courses through the bat!
You kill the bat!
A rat is nearby!
A rat is nearby!
Found a scroll labelled ESEOCZI OROEPI.
There is an open door here.
You shoot an arrow. The arrow hits the rat.
You kill the rat!
You see here a rat corpse.
A hobgoblin comes into view.
A hobgoblin is nearby!
A hobgoblin is nearby!
Ijyb the Twisted Goblin comes into view.
She is wielding a +4 dagger of holy wrath and carrying a wand of flame.
Ijyb shouts!
The hobgoblin shouts!
There is an open door here.
You shoot an arrow. The arrow hits Ijyb.
Ijyb is lightly wounded.
Ijyb zaps a wand.
The puff of flame hits you!
You shoot an arrow. The arrow barely misses the hobgoblin.
The hobgoblin barely misses you.
Ijyb zaps a wand.
The puff of flame hits you!
You shoot an arrow. The arrow hits the hobgoblin!
You kill the hobgoblin!
You shoot an arrow. The arrow hits Ijyb but does no damage.
Ijyb is lightly wounded.
Ijyb zaps a wand.
The puff of flame misses you.
You shoot an arrow. The arrow barely misses Ijyb.
Ijyb zaps a wand.
The puff of flame hits you!
You die...

####'##########......
#.......#..# ##.....
#...#...##.# ##.).#
#..~.~..##.# ##.##
+.#.~%#.'..#######%#
#..~.~..#..........##
#?..#...##.##.###....
#.......##.##.####.##
####@#####.#...###.#
#....g...###......##)#
#....................#
#........##.........##
#.......###...).....#
#.......# #.........#
#..#.##.# ##........#
#..#. .# ##>....#.#
##...##.#


You could see Ijyb.

Vanquished Creatures
  2 adders (D:2)
  2 dart slugs
  A ribbon worm (D:3)
  2 orcs
  4 bats
  4 endoplasms
  2 giant cockroaches
  8 goblins
  2 hobgoblins
  2 quokkas (D:2)
  4 ball pythons
  4 frilled lizards
  8 kobolds
  6 rats
51 creatures vanquished.

Notes
Turn   | Place    | Note
-------+----------+-------------------------------------------
     0 | D:1      | qw the Deep Elf Hunter began the quest for the Orb.
     0 | D:1      | Reached XP level 1. HP: 12/12 MP: 3/3
     0 | D:1      | 0 ||| qw: Version: 0.3-a-160-g6735b56
     0 | D:1      | 0 ||| qw: Game counter: 4905
     0 | D:1      | 0 ||| qw: Melee chars always use a shield: true
     0 | D:1      | 0 ||| qw: God list: Okawaru
     0 | D:1      | 0 ||| qw: Allow faded altars: false
     0 | D:1      | 0 ||| qw: Do Orc after clearing Dungeon:15 true
     0 | D:1      | 0 ||| qw: Do second Lair branch before Depths: true
     0 | D:1      | 0 ||| qw: Lair rune preference: random
     0 | D:1      | 0 ||| qw: Goals: Normal
     0 | D:1      | 0 ||| PLANNING D:1-11
   119 | D:1      | Reached XP level 2. HP: 16/16 MP: 4/4
   124 | D:1      | Reached skill level 6 in Ranged Weapons
   406 | D:1      | Found a faded altar of an unknown god.
   597 | D:1      | 597 ||| DROPPING scarf of invisibility.
   598 | D:1      | 598 ||| READING scroll labelled EGAUBB BOSORREIK.
   630 | D:1      | 630 ||| READING scroll labelled BUERIXZONE.
   631 | D:1      | 631 ||| READING scroll labelled GAMUAR VEPTUDE.
   631 | D:1      | 631 ||| IDENTIFYING lumpy emerald potion
   632 | D:1      | 632 ||| READING scroll labelled VEPLUJ GYIWUAN.
   733 | D:1      | 733 ||| DROPPING scroll of butterflies.
   765 | D:2      | Reached XP level 3. HP: 20/20 MP: 5/5
   960 | D:2      | Reached skill level 7 in Ranged Weapons
  1291 | D:2      | 1291 ||| READING 2 scrolls of identify.
  1291 | D:2      | 1291 ||| IDENTIFYING yellow potion
  1292 | D:2      | 1292 ||| READING scroll of identify.
  1292 | D:2      | 1292 ||| IDENTIFYING silvery potion
  1293 | D:2      | 1293 ||| READING scroll labelled KIYMUFEOQO.
  1294 | D:2      | 1294 ||| READING 3 scrolls labelled RAG VOWUUMU.
  1295 | D:2      | 1295 ||| READING scroll labelled AZEAWN GEBUKHO.
  1396 | D:2      | 1396 ||| DRINKING 3 dark potions.
  1397 | D:2      | 1397 ||| DRINKING 2 sedimented orange potions.
  1398 | D:2      | 1398 ||| DROPPING 2 potions of degeneration.
  1399 | D:2      | 1399 ||| DROPPING potion of attraction.
  1400 | D:2      | 1400 ||| DROPPING 2 scrolls of fog.
  1455 | D:3      | Reached XP level 4. HP: 25/25 MP: 6/6
  1492 | D:3      | Identified the +0 pair of boots of the Thistle {rCorr}
  1499 | D:3      | 1499 ||| UPGRADING to +0 pair of boots of the Thistle
                  | {rCorr}.
  1504 | D:3      | 1504 ||| READING scroll labelled MOOFANN FILA.
  1504 | D:3      | 1504 ||| BRANDING +0 shortbow.
  1515 | D:3      | Noticed Ijyb
  1517 | D:3      | HP: 5/25 [Ijyb/puff of flame (11)]
  1520 | D:3      | Killed from afar by Ijyb

Levels and vault maps discovered:
D:1:      minmay_arrival_stair_chambers, layout_basic, basic_ecumenical_altar,
          minmay_pentomino_z4
D:2:      layout_basic, minmay_crystal_water, minmay_unequal
D:3:      layout_loops_ring, general_overflow_altar,
          lemuel_zombie_altar_kikubaaqudgha, kennysheep_generic_room_10,
          uniq_ijyb, uniq_sigmund, uniq_crazy_yiuf_cottage

Skill      XL: |  1  2  3 |
---------------+----------+-----
Ranged Weapons | 6 7 |  7.6
Fighting       | |  1.5
Dodging        | |  2.4
Stealth        | |  1.2

Action                     |  1- 3 |  4- 6 || total
---------------------------+-------+-------++-------
   Fire: Shortbow          |    91 |    15 ||   106
    Use: Scroll            |     9 |     1 ||    10
         Potion            |     2 |       ||     2
 Armour: Leather armour    |    11 |     4 ||    15
  Dodge: Dodged            |    10 |     3 ||    13

Table legend:
 A = Non-vault XP
 B = Vault XP
 C = Vault XP percentage of total XP
 D = Non-vault monster count
 E = Vault monster count
 F = Vault count percentage of total count
                 A         B        C        D         E       F
            +---------+---------+-------+---------+---------+-------
      Total |      97 |      16 |  14.2 |      41 |      10 |  19.6
            +---------+---------+-------+---------+---------+-------
        D:1 |      29 |       4 |  12.1 |      18 |       2 |  10.0
        D:2 |      46 |      10 |  17.9 |      14 |       6 |  30.0
        D:3 |      22 |       2 |   8.3 |       9 |       2 |  18.2
            +---------+---------+-------+---------+---------+-------
